 Dungeon Crawl Stone Soup version 0.18.1-48-g4cf74bf (webtiles) character file.

175234 vale the Covert (level 18, -1/128 HPs)
             Began as an Octopode Enchanter on Aug 2, 2016.
             Was the Champion of Dithmenos.
             Killed from afar by a manticore (3 damage)
             ... with a volley of spikes
             ... on level 4 of the Shoals on Aug 3, 2016.
             The game lasted 03:36:03 (64143 turns).

vale the Covert (Octopode Enchanter)               Turns: 64143, Time: 03:36:04

Health: -1/128     AC:  6    Str: 16    XL:     18   Next: 9%
Magic:  7/33       EV: 18    Int: 28    God:    Dithmenos [******]
Gold:   979        SH: 12    Dex: 12    Spells: 11 memorised, 5 levels left

rFire  . . .     SeeInvis +     a - +2 dagger (pain)
rCold  + . .     Gourm    .     P - +1 buckler "Seamucad" {rC+ Slay+3}
rNeg   + . .     Faith    .     (helmet restricted)
rPois  +         Spirit   .     B - +6 amulet of reflection
rElec  .         Dismiss  .     u - ring of resist corrosion
rCorr  +         Reflect  +     Q - +5 ring of protection
SustAt +         Harm     .     v - ring of sustain attributes
MR     +....                    y - ring of positive energy
Stlth  ++++++++++               H - +6 ring of strength
                                I - +3 ring of intelligence
                                G - ring of see invisible
                                T - ring of poison resistance

@: lethally poisoned (-1 -> -35), manticore barbs, very slightly contaminated,
wreathed by umbra, somewhat resistant to hostile enchantments, uncannily
stealthy
A: almost no armour, amphibious, 8 rings, constrict 8, camouflage 1, clever 1,
gelatinous body 1
a: Shadow Step, Shadow Form, Renounce Religion


You were on level 4 of the Shoals.
You worshipped Dithmenos.
Dithmenos was exalted by your worship.
You were not hungry.

You visited 6 branches of the dungeon, and saw 33 of its levels.
You also visited: Labyrinth, Ossuary and Bailey.

You collected 2807 gold pieces.
You spent 1828 gold pieces at shops.

Inventory:

Hand Weapons
 a - a +2 dagger of pain (weapon)
 C - a +0 blowgun
Missiles
 e - 146 poisoned needles
 p - 14 curare-tipped needles
 x - 4 throwing nets (quivered)
Armour
 P - the +1 buckler "Seamucad" (worn) {rC+ Slay+3}
   (You found it on level 9 of the Dungeon)

   It affects your accuracy and damage with ranged weapons and melee attacks
   (+3).
   It protects you from cold.
Magical Staves
 b - an uncursed staff of death
Jewellery
 u - a ring of resist corrosion (left tentacle)
 v - a ring of sustain attributes (on tentacle)
 y - a ring of positive energy (on tentacle)
 B - a +6 amulet of reflection (around mantle)
 G - a ring of see invisible (on tentacle)
 H - a +6 ring of strength (on tentacle)
 I - a +3 ring of intelligence (on tentacle)
 Q - a +5 ring of protection (right tentacle)
 T - a ring of poison resistance (on tentacle)
Wands
 l - a wand of enslavement (14/24)
 w - a wand of disintegration (10/24)
 A - a wand of digging (23/24)
 W - a wand of iceblast (2/15)
Scrolls
 g - 10 scrolls of identify
 r - 2 scrolls of enchant weapon
 s - a scroll of holy word
 t - 8 scrolls of remove curse
 D - 5 scrolls of recharging
 F - a scroll of fog
 S - 3 scrolls of blinking
 U - 2 scrolls of magic mapping
Potions
 d - 8 potions of curing
 f - 2 potions of magic
 m - 4 potions of flight
 o - a potion of ambrosia
 q - 3 potions of might
 z - 2 potions of agility
 K - 3 potions of resistance
 N - 3 potions of heal wounds
 O - 4 potions of haste
 R - 3 potions of lignification
 V - 2 potions of cancellation
Books
 E - a book of Annihilations

   Spells                             Type                      Level
   a - Poison Arrow                   Conjuration/Poison           6
   b - Chain Lightning                Conjuration/Air              8
   c - Lehudib's Crystal Spear        Conjuration/Earth            8
   d - Glaciate                       Conjuration/Ice              9
   e - Fire Storm                     Conjuration/Fire             9
Miscellaneous
 j - a phial of floods (inert)
 X - a stone of tremors (inert)
Comestibles
 c - 10 bread rations {@e1}
 i - 8 fruits


   Skills:
 + Level 13.1 Fighting
 - Level 8.2 Short Blades
 - Level 12.0 Dodging
 - Level 13.1 Stealth
 - Level 4.1 Shields
 + Level 11.6 Spellcasting
 - Level 11.6 Conjurations
 - Level 9.5 Hexes
 - Level 4.2 Charms
 - Level 10.3 Necromancy
 - Level 1.1 Ice Magic
   Level 2.1 Earth Magic
 - Level 10.9 Invocations


You had 5 spell levels left.
You knew the following spells:

 Your Spells              Type           Power        Failure   Level  Hunger
a - Corona                Hex            ######.      1%          1    None
b - Ensorcelled Hibernat  Hex/Ice        #####.       1%          2    None
c - Dazzling Spray        Conj/Hex       ######       1%          3    None
d - Agony                 Necr           ######..     1%          5    ###....
g - Regeneration          Chrm/Necr      ######....   1%          3    None
i - Bolt of Draining      Conj/Necr      ######....   1%          5    ###....
m - Tukima's Dance        Hex            ######..     1%          3    None
n - Animate Skeleton      Necr           N/A          1%          1    None
o - Confuse               Hex            ######..     1%          3    None
u - Dispel Undead         Necr           ######..     1%          5    ###....
N - Animate Dead          Necr           N/A          1%          4    None


Dungeon Overview and Level Annotations

Branches:
Dungeon (15/15)            Temple (1/1) D:4            Lair (8/8) D:10
 Shoals (4/4) Lair:5       Spider (3/4) Lair:3        Slime (0/6) Lair:7
    Orc (2/2) D:11            Elf (0/3) Orc:2        Vaults (0/5) D:14
 Depths (0/5) D:15

Altars:
Cheibriados
Dithmenos
Elyvilon
Fedhas
Gozag
Kikubaaqudgha
Makhleb
Nemelex Xobeh
Okawaru
Pakellas
Qazlal
Ru
Sif Muna
Trog
Vehumet
Xom
Yredelemnul
Zin
Beogh

Shops:
D:8 *   D:10 *!*   D:12 !   D:13 !   D:14 (   Orc:2 (}[%   Shoals:1 =

Annotations:
D:5 Crazy Yiuf; Dimlob's ghost, novice FoFi
D:7 exclusion: Duvessa, Dowan; Duvessa
D:8 morik's ghost, novice DrTm
D:10 exclusion: ugly thing
D:12 exclusion: 6 hogs, Kirke
Spider:3 Arachne; bnns's ghost, adept MiBe


Innate Abilities, Weirdness & Mutations

You cannot wear most types of armour.
You are amphibious.
You can wear up to eight rings at the same time.
You can use your tentacles to constrict eight enemies at once.
Your skin changes colour to match your surroundings (Stealth).
Your rubbery body absorbs attacks (AC +1).
Your mind is acute. (Int +2)


Message History

You now have 5/33 mp.
The sea snake completely misses you. You block the sea snake's attack.
You block the merfolk impaler's attack. The merfolk impaler misses you.
You block the sea snake's attack. The merfolk closely misses you.
You block the sea snake's attack. The merfolk impaler closely misses you.
A merfolk javelineer comes into view. It is wielding a spear of venom.
The sea snake bites you!
* * * LOW HITPOINT WARNING * * *
You are lethally poisoned!
The sea snake poisons you!
You take 17 damage, and have 6/128 hp.
* * * LOW HITPOINT WARNING * * *
You feel very sick.
The merfolk hits the plant with a halberd!
The sea snake closely misses you.
The manticore flicks its tail.
The volley of spikes hits you!
The barbed spikes become lodged in your body.
You die...

#≈≈≈≈≈≈§≈§§≈≈P..........(≈
#≈≈≈≈≈≈≈P≈P≈≈≈≈......(..≈≈
#≈≈≈≈≈≈≈≈≈≈)≈≈≈P.........S
#≈≈≈≈≈≈≈≈Pc≈≈≈PP..... #.t
#≈≈≈≈≈≈≈≈≈≈≈≈≈≈P. ##.
#≈≈≈≈≈≈≈≈≈≈≈P≈... ##
#≈≈≈≈≈≈mH≈≈≈≈≈... #
#≈≈≈≈≈≈PP≈.≈.....
#≈≈≈≈≈≈PS@≈≈.....
#≈≈≈≈≈≈m≈P≈P.....
#≈≈≈≈≈≈≈≈≈P≈≈....
#≈≈≈≈≈≈≈≈P≈≈≈≈....?.......
#≈≈≈≈≈≈≈≈≈≈≈≈≈............
#≈≈≈≈≈≈≈≈≈≈≈≈.............
#≈≈≈≈≈≈≈≈≈≈≈≈≈≈≈≈≈≈....m..
#≈≈≈≈≈≈≈≈≈≈≈#####≈≈≈.....<
#≈≈≈≈≈≈≈≈≈≈## #≈≈...mm.


You could see a merfolk impaler, a sea snake, a merfolk, a faun (sleeping) and a
manticore.

Vanquished Creatures
  A ghost moth (Spider:2)
  An orc warlord (Bailey)
  A spark wasp (Spider:1)
  A merfolk javelineer (Shoals:3)
  The ghost of Wrathchicken the Fighter, a journeyman TrMo of Okawaru (Lair:1)
  A minotaur (Lab)
  3 merfolk impalers (Shoals:3)
  A fire dragon (D:15)
  Erolcha (Orc:1)
  3 hydras
  Fannar (D:11)
  An ice dragon (D:15)
  3 merfolk avatars (Shoals:3)
  A centaur warrior (D:14)
  2 merfolk aquamancers
  2 ogre magi
  3 catoblepae
  2 satyrs (Shoals:3)
  A deep troll earth mage (D:13)
  Urug (D:12)
  4 orc high priests (Orc:2)
  A tengu warrior (D:14)
  Sonja (D:15)
  An iron troll (D:14)
  5 skeletal warriors (D:14)
  3 unseen horrors (D:12)
  6 sea snakes
  A lindwurm (Lair:7)
  5 hill giants
  16 harpies
  4 orc knights (Orc:2)
  Pikel (D:9)
  4 griffons
  7 orb spiders
  3 orc sorcerers
  24 ugly things
  4 cyclopes
  8 fauns
  17 elephants
  20 wolf spiders
  7 manticores
  A hornet (Spider:2)
  6 black mambas
  2 water nymphs
  4 sirens
  11 trolls
  3 centaur zombies
  A torpor snail (Spider:1)
  3 gargoyles
  A guardian serpent (shapeshifter) (D:14)
  A rime drake (Lair:7)
  9 spiny frogs
  An efreet (D:15)
  A freezing wraith (D:15)
  3 tengu conjurers
  6 komodo dragons
  9 demonic crawlers
  3 wind drakes
  A minotaur zombie (Lab)
  19 merfolk
  33 jumping spiders
  6 polar bears
  A dancing weapon (Shoals:3)
  2 boulder beetles
  19 blink frogs
  7 snapping turtles
  4 two-headed ogres
  9 slime creatures
  29 tarantellas
  5 water elementals
  A shadow (D:13)
  A vampire (D:14)
  67 redbacks
  47 yaks
  4 wraiths
  4 wyverns
  A hog (D:12)
  A human (D:7)
  6 basilisks
  A steam dragon (D:14)
  13 hippogriffs
  A hippogriff (shapeshifter) (D:14)
  2 wargs (Orc:2)
  3 mottled dragons
  6 vampire mosquitoes
  13 water moccasins
  2 soldier ants
  17 porcupines
  An eye of draining (D:14)
  9 ice beasts
  3 sky beasts
  A slave (D:9)
  4 wasps
  14 orc warriors
  2 necrophages
  2 black bears
  12 ogres
  13 centaurs
  3 phantoms
  32 wolves
  9 crocodiles
  2 big kobolds (D:11)
  26 giant frogs
  A wyvern skeleton (D:11)
  4 scorpions
  5 killer bees (D:13)
  9 wights
  An electric eel (D:14)
  2 howler monkeys
  7 crimson imps
  A giant frog zombie (D:7)
  6 jellies
  2 hounds
  21 orc priests
  30 orc wizards
  3 giant frog skeletons
  7 centaur skeletons
  4 iguanas
  9 worker ants
  Terence (D:2)
  18 sheep
  6 big kobold zombies (Ossuary)
  A hound zombie (D:7)
  A mummy (Ossuary)
  A hound skeleton (D:7)
  A worker ant zombie (D:10)
  3 gnolls (Bailey)
  34 river rats
  16 adders
  3 shadow imps
  4 oozes (Lair:7)
  An adder zombie (D:5)
  An adder skeleton (D:9)
  3 worms
  11 dart slugs
  7 giant geckos
  89 orcs
  4 spectral bats (Ossuary)
  5 bats
  5 giant cockroaches
  6 gnoll zombies (Ossuary)
  11 goblins
  15 hobgoblins
  21 jackals
  2 quokkas
  4 ball pythons
  3 bat simulacra (Ossuary)
  6 giant newts
  2 goblin simulacra (Ossuary)
  5 goblin zombies (Ossuary)
  4 hobgoblin zombies (Ossuary)
  44 kobolds
  2 kobold simulacra (Ossuary)
  6 kobold zombies (Ossuary)
  3 orc zombies (Ossuary)
  A quokka zombie (D:5)
  8 rats
  3 rat simulacra (Ossuary)
  3 spectral goblins (Ossuary)
  5 spectral kobolds (Ossuary)
  A spectral rat (Ossuary)
  A fire vortex (D:14)
  A plant (Lair:6)
1180 creatures vanquished.

Vanquished Creatures (collateral kills)
  A merfolk impaler (Shoals:1)
  An entropy weaver (Spider:2)
  A death knight (D:15)
  2 orb spiders (Spider:2)
  2 hill giants
  2 orc sorcerers (Orc:2)
  An orc knight (Orc:2)
  An ugly thing (D:14)
  A faun (Shoals:3)
  A hornet (D:14)
  A siren (Shoals:1)
  A gargoyle (D:15)
  3 demonic crawlers (Spider:2)
  3 jumping spiders (Spider:2)
  3 merfolk
  A two-headed ogre (D:14)
  8 redbacks
  2 tarantellas (Spider:2)
  6 yaks (Lair:3)
  2 basilisks (Lair:3)
  10 orc warriors
  3 wasps
  3 ogres
  A crocodile (D:10)
  A big kobold (D:14)
  Blork the orc (D:5)
  A crimson imp (D:15)
  An orc priest (Orc:2)
  9 orcs
  A kobold (D:14)
74 creatures vanquished.

Vanquished Creatures (others)
  A centaur warrior (D:15)
  A merfolk aquamancer (Shoals:4)
  A satyr (Shoals:3)
  2 fauns (Shoals:3)
  A spiny frog (Lair:1)
  A redback (Spider:1)
  2 yaks (Lair:1)
  25 dancing weapons
  A water moccasin (Lair:1)
  An orc warrior (Orc:2)
  3 slaves (D:9)
  2 ogres
  A centaur (D:15)
  4 sheep (Lair:1)
  2 orcs (D:9)
  2 kobolds (Bailey)
  19 fungi
  12 plants
  11 tentacles (Shoals:1)
  485 tentacle segments (Shoals:1)
577 creatures vanquished.

Grand Total: 1831 creatures vanquished

Notes
Turn   | Place    | Note
--------------------------------------------------------------
     0 | D:1      | vale the Octopode Enchanter began the quest for the Orb.
     0 | D:1      | Reached XP level 1. HP: 11/11 MP: 3/3
   424 | D:1      | Reached XP level 2. HP: 17/17 MP: 1/5
   462 | D:1      | Learned a level 2 spell: Ensorcelled Hibernation
  1477 | D:1      | Reached XP level 3. HP: 11/21 MP: 4/6
  2220 | D:2      | Noticed Terence
  2378 | D:2      | Found a stormy altar of Qazlal.
  2421 | D:2      | Reached XP level 4. HP: 27/27 MP: 4/7
  2566 | D:2      | Found an opulent altar of Gozag.
  3023 | D:2      | Learned a level 3 spell: Tukima's Dance
  3061 | D:2      | Killed Terence
  3061 | D:2      | Reached skill level 1 in Ice Magic
  3491 | D:2      | Reached skill level 5 in Hexes
  4377 | D:3      | Reached XP level 5. HP: 26/31 MP: 1/8
  4809 | D:3      | Reached XP level 6. HP: 10/36 MP: 6/10
  5676 | D:4      | Learned a level 3 spell: Dazzling Spray
  6220 | D:4      | Found a staircase to the Ecumenical Temple.
  6323 | Temple   | Entered the Ecumenical Temple
  6631 | Temple   | Became a worshipper of Dithmenos the Shadowed
  6988 | D:4      | Learned a level 3 spell: Confuse
  7262 | D:4      | Reached XP level 7. HP: 41/41 MP: 2/14
  7445 | D:4      | Reached skill level 5 in Spellcasting
  8240 | D:5      | Entered Level 5 of the Dungeon
  8245 | D:5      | Noticed Dimlob's ghost (novice FoFi)
  8314 | D:5      | Reached * piety under Dithmenos
  8439 | D:5      | Noticed Blork the orc
  8822 | D:5      | Noticed Crazy Yiuf
  9564 | D:5      | Reached XP level 8. HP: 28/46 MP: 5/18
 10044 | D:5      | Killed Blork the orc
 10850 | D:6      | Reached ** piety under Dithmenos
 10850 | D:6      | Reached skill level 5 in Stealth
 11490 | D:6      | Found a glowing silver altar of Zin.
 11707 | D:7      | Reached skill level 5 in Dodging
 11856 | D:7      | Reached XP level 9. HP: 47/51 MP: 12/19
 12049 | D:7      | Noticed a two-headed ogre
 12182 | D:6      | Killed a two-headed ogre
 12617 | D:7      | Found an opulent altar of Gozag.
 12639 | D:7      | Noticed Dowan
 12918 | D:7      | Found a bloodstained altar of Trog.
 12919 | D:7      | Found a deep blue altar of Sif Muna.
 13044 | D:7      | Noticed Duvessa
 13156 | D:7      | Found a sacrificial altar of Ru.
 13163 | D:7      | Found an ancient bone altar of Kikubaaqudgha.
 13487 | D:7      | Reached skill level 1 in Fighting
 14386 | D:8      | Found a sand-covered staircase.
 14393 | Ossuary  | Entered an ossuary
 14424 | Ossuary  | Reached *** piety under Dithmenos
 16065 | D:8      | Reached XP level 10. HP: 62/62 MP: 17/20
 16121 | D:8      | Found Senkekk's Elemental Accessories.
 16131 | D:8      | Noticed morik's ghost (novice DrTm)
 16371 | D:9      | Got a smoking buckler
 16377 | D:9      | Identified the +1 buckler "Seamucad" {rC+ Slay+3} (You found it on level 9 of the Dungeon)
 16657 | D:9      | Reached skill level 1 in Shields
 16740 | D:9      | Noticed Pikel
 16756 | D:9      | Killed Pikel
 16773 | D:9      | Reached **** piety under Dithmenos
 17272 | D:10     | Entered Level 10 of the Dungeon
 17303 | D:10     | Noticed a brown ugly thing
 17309 | D:10     | Noticed a hill giant
 17410 | D:10     | Found an iron altar of Okawaru.
 17410 | D:10     | Noticed a hill giant
 17416 | D:10     | Killed a hill giant
 17416 | D:10     | Reached skill level 10 in Stealth
 17637 | D:10     | Found an oddly glowing altar of Pakellas.
 17733 | D:10     | Killed a hill giant
 17733 | D:10     | Reached skill level 5 in Fighting
 17866 | D:10     | Noticed a hill giant
 17880 | D:10     | Killed a hill giant
 17967 | D:10     | Noticed an elephant
 18270 | D:9      | Noticed a troll
 18284 | D:9      | Killed a troll
 18509 | D:10     | Found Ynimahos's General Store.
 18514 | D:10     | Found Ede Covosm's Distillery.
 18527 | D:10     | Reached XP level 11. HP: 65/72 MP: 21/21
 18535 | D:10     | Bought a potion of heal wounds for 75 gold pieces
 18535 | D:10     | Bought a potion of haste for 150 gold pieces
 18535 | D:10     | Bought a potion of curing for 45 gold pieces
 18535 | D:10     | Bought a potion of curing for 45 gold pieces
 18535 | D:10     | Bought a potion of curing for 45 gold pieces
 18535 | D:10     | Bought a potion of curing for 45 gold pieces
 18535 | D:10     | Bought a potion of agility for 60 gold pieces
 18535 | D:10     | Bought a potion of agility for 60 gold pieces
 18550 | D:10     | Found Fetiugh's Assorted Antiques.
 18555 | D:10     | Bought a scroll labeled ATEMY KANE for 25 gold pieces
 18614 | D:10     | Found a staircase to the Lair.
 18967 | Lair:1   | Entered Level 1 of the Lair of Beasts
 19189 | Lair:1   | Reached ***** piety under Dithmenos
 19398 | Lair:1   | Noticed Wrathchicken's ghost (journeyman TrMo)
 20613 | Lair:3   | Noticed a four-headed hydra
 21139 | Lair:3   | Reached skill level 1 in Conjurations
 21387 | Lair:3   | Found a hole to the Spider Nest.
 21403 | Lair:3   | Reached skill level 10 in Dodging
 21604 | Lair:3   | Reached XP level 12. HP: 82/82 MP: 20/22
 22947 | Lair:4   | Noticed a six-headed hydra
 23530 | Lair:5   | Found a staircase to the Shoals.
 24184 | Lair:5   | Noticed a catoblepas
 24344 | Lair:6   | Found a labyrinth entrance.
 24356 | Lab      | Entered a labyrinth
 24593 | Lab      | Noticed a minotaur
 24604 | Lab      | Killed a minotaur
 24609 | Lab      | Got a twitching ruby amulet
 24945 | Lab      | Identified the amulet "Qujous" {+Rage rPois Slay+3} (You found it in a labyrinth)
 26254 | Lair:7   | Reached XP level 13. HP: 90/90 MP: 26/26
 26274 | Lair:7   | Reached skill level 10 in Spellcasting
 26390 | Lair:7   | Reached skill level 10 in Fighting
 27099 | Lair:7   | Reached skill level 1 in Invocations
 27272 | Lair:7   | Found a staircase to the Slime Pits.
 27673 | Lair:8   | Entered Level 8 of the Lair of Beasts
 28139 | Lair:8   | Reached ****** piety under Dithmenos
 28534 | Lair:8   | Reached skill level 5 in Invocations
 31073 | D:11     | Reached XP level 14. HP: 93/99 MP: 25/29
 31208 | D:11     | Found a staircase to the Orcish Mines.
 31895 | D:12     | Found Eptusex's Distillery.
 31901 | D:12     | Bought a potion of heal wounds for 80 gold pieces
 31901 | D:12     | Bought a potion of curing for 48 gold pieces
 31901 | D:12     | Bought a potion of curing for 48 gold pieces
 32155 | D:12     | Noticed Urug
 32597 | D:12     | Noticed Fannar
 32614 | D:11     | Killed Fannar
 32672 | D:12     | You fall through a shaft for 3 floors!
 32672 | D:15     | Entered Level 15 of the Dungeon
 33073 | D:15     | Noticed Sonja
 33117 | D:15     | Reached skill level 5 in Conjurations
 33604 | D:15     | Reached skill level 10 in Invocations
 35586 | D:14     | Found Biogu's Weapon Shop.
 35998 | D:13     | Found Quxyd's Distillery.
 36370 | D:13     | Found a flagged portal.
 36380 | Bailey   | Entered a bailey
 36385 | Bailey   | Noticed an orc warlord
 36523 | Bailey   | Found a runed gate.
 36525 | Bailey   | Found a runed gate.
 36564 | Bailey   | Found a runed gate.
 36751 | Bailey   | Killed an orc warlord
 36775 | Bailey   | Identified a scroll of acquirement
 37600 | D:12     | Found a blossoming altar of Fedhas.
 37736 | D:12     | Noticed Kirke
 37985 | D:12     | Gained mutation: Your mind is acute. (Int +2) [potion of beneficial mutation]
 38252 | D:12     | Reached XP level 15. HP: 65/105 MP: 22/30
 38514 | D:12     | Killed Urug
 38831 | Orc:1    | Entered Level 1 of the Orcish Mines
 38894 | Orc:2    | Entered Level 2 of the Orcish Mines
 39273 | Orc:1    | Noticed Erolcha
 39295 | Orc:1    | Found a roughly hewn altar of Beogh.
 39354 | Orc:1    | Paralysed by an orc sorcerer for 6 turns
 39543 | Orc:1    | Killed Erolcha
 39635 | Orc:2    | Found a staircase to the Elven Halls.
 39811 | Orc:2    | Found Voepeh's Antique Armour Shoppe.
 39852 | Orc:2    | Found Emips's Weapon Shop.
 40631 | Orc:2    | Learned a level 5 spell: Bolt of Draining
 40637 | Orc:2    | Learned a level 5 spell: Agony
 40763 | Orc:2    | Reached skill level 1 in Necromancy
 40863 | Orc:2    | Found Vezeigav's Weapon Shop.
 40867 | Orc:2    | Found Lamaedei's Gadget Emporium.
 40873 | Orc:2    | Found Jaunous's Food Emporium.
 41332 | Orc:2    | Bought the +6 Majin-Bo {vamp, Archmagi MP+6 Int+6} for 862 gold pieces
 41336 | Orc:2    | damn
 41709 | Lair:1   | Learned a level 5 spell: Dispel Undead
 41713 | Lair:1   | Learned a level 3 spell: Stone Arrow
 41818 | Spider:1 | Entered Level 1 of the Spider Nest
 43860 | Spider:1 | Reached skill level 5 in Necromancy
 43922 | Spider:1 | Reached skill level 1 in Earth Magic
 44309 | Spider:1 | Noticed an emperor scorpion
 46000 | Spider:1 | Reached skill level 5 in Short Blades
 46066 | Spider:1 | Reached XP level 16. HP: 114/114 MP: 17/31
 47742 | Spider:2 | You fall through a shaft!
 48503 | Spider:3 | Noticed Arachne
 48503 | Spider:3 | Noticed bnns's ghost (adept MiBe)
 49639 | Shoals:1 | Entered Level 1 of the Shoals
 50002 | Shoals:1 | Found Kamonack's Jewellery Shoppe.
 50198 | Shoals:1 | Bought an uncursed ring of see invisible for 240 gold pieces
 50687 | Shoals:1 | Noticed a kraken
 51974 | Shoals:2 | Learned a level 4 spell: Animate Dead
 51978 | Shoals:2 | Learned a level 3 spell: Regeneration
 53812 | Shoals:3 | HP: 5/114 [faun/uncursed spear[a satyr] (13)]
 54580 | Shoals:3 | Reached XP level 17. HP: 108/119 MP: 26/32
 54976 | Shoals:3 | Reached skill level 10 in Necromancy
 55750 | Lair:1   | Killed Wrathchicken's ghost
 56473 | Lair:1   | Learned a level 1 spell: Animate Skeleton
 56601 | D:13     | Reached skill level 10 in Conjurations
 57169 | D:14     | Found a gate to the Vaults.
 57520 | D:14     | Reached skill level 1 in Charms
 58598 | D:15     | Killed Sonja
 59445 | D:15     | Found a staircase to the Depths.
 62896 | Lair:1   | that explains a lot
 63190 | Shoals:4 | Entered Level 4 of the Shoals
 63690 | Shoals:3 | Reached XP level 18. HP: 87/127 MP: 28/33
 64104 | Shoals:4 | HP: 3/128 [merfolk impaler/trident (17)]
 64142 | Shoals:4 | HP: 6/128 [sea snake (17)]
 64143 | Shoals:4 | HP: 2/128 [poisoned by a sea snake]
 64143 | Shoals:4 | Killed from afar by a manticore

Skill      XL: |  1  2  3  4  5  6  7  8  9 10 11 12 13 14 15 16 17 18 |
---------------+-------------------------------------------------------+-----
Hexes          | 4 5 6 8 9 |  9.5
Ice Magic      | 1 |  1.1
Spellcasting   | 3 4 6 7 9 11 | 11.6
Dodging        | 5 8 10 11 12 | 12.0
Stealth        | 6 8 10 12 13 | 13.1
Fighting       | 2 6 8 9 10 11 12 13 | 13.1
Shields        | 4 |  4.1
Conjurations   | 1 3 7 9 11 | 11.6
Invocations    | 7 10 | 10.9
Necromancy     | 5 9 10 | 10.3
Short Blades   | 5 7 8 |  8.2
Earth Magic    | 2 |  2.1
Charms         | 4 |  4.2

Action                   |  1- 3 |  4- 6 |  7- 9 | 10-12 | 13-15 | 16-18 || total
-------------------------+-------+-------+-------+-------+-------+-------++-------
Melee: Dagger            |    73 |   154 |    40 |   353 |   956 |   595 ||  2171
       Constrict         |    16 |    38 |    60 |    74 |   136 |   102 ||   426
       Tentacles         |     5 |    19 |    47 |    86 |   227 |   141 ||   525
       Short sword       |       |       |   242 |    48 |       |       ||   290
       Demon trident     |       |       |       |     1 |     7 |       ||     8
       Staff             |       |       |       |       |       |    74 ||    74
 Fire: Blowgun           |       |     2 |    28 |    13 |    32 |    18 ||    93
Throw: Tomahawk          |       |     2 |       |       |       |       ||     2
 Cast: Corona            |    42 |    36 |    20 |    27 |    21 |    18 ||   164
       Ensorcelled Hiber |     7 |    35 |    26 |    74 |   147 |    84 ||   373
       Tukima's Dance    |       |     8 |    28 |    11 |    58 |    66 ||   171
       Dazzling Spray    |       |     4 |    22 |    47 |   276 |   130 ||   479
       Confuse           |       |     2 |    26 |    32 |    48 |    26 ||   134
       Bolt of Draining  |       |       |       |       |    11 |   135 ||   146
       Stone Arrow       |       |       |       |       |     5 |       ||     5
       Animate Dead      |       |       |       |       |       |    24 ||    24
       Animate Skeleton  |       |       |       |       |       |    23 ||    23
       Dispel Undead     |       |       |       |       |       |    15 ||    15
       Regeneration      |       |       |       |       |       |    16 ||    16
       Agony             |       |       |       |       |       |     1 ||     1
Invok: Shadow Form       |       |       |       |       |     3 |       ||     3
       Shadow Step       |       |       |       |       |     4 |     1 ||     5
 Abil: End Transformatio |       |       |       |       |     3 |       ||     3
Evoke: Wand              |       |       |     1 |       |     2 |    10 ||    13
       Stone of tremors  |       |       |       |     1 |     1 |     2 ||     4
       Box of beasts     |       |       |       |       |    11 |       ||    11
       Phial of floods   |       |       |       |       |       |     2 ||     2
  Use: Potion            |       |     2 |     1 |       |     7 |    15 ||    25
       Scroll            |       |     5 |    12 |    13 |    17 |    14 ||    61
 Stab: Distracted        |     1 |       |       |     1 |     1 |     4 ||     7
       Sleeping          |    12 |    34 |    47 |    82 |   167 |    87 ||   429
       Invisible         |       |       |     4 |     2 |    32 |    11 ||    49
       Confused          |       |       |     5 |     9 |    14 |     1 ||    29
  Eat: Chunk             |     6 |     9 |    19 |    27 |    34 |    36 ||   131
       Meat ration       |       |     2 |     2 |       |     1 |     1 ||     6
       Pizza             |       |       |     1 |       |     8 |     2 ||    11
       Beef jerky        |       |       |       |     1 |     4 |     1 ||     6
       Royal jelly       |       |       |       |       |     1 |       ||     1
       Fruit             |       |       |       |       |     4 |     7 ||    11
       Bread ration      |       |       |       |       |       |     5 ||     5
Armor: Skin              |     8 |     9 |    12 |     5 |   130 |   100 ||   264
Dodge: Dodged            |    32 |    74 |   115 |   180 |   660 |   604 ||  1665
Block: Other             |       |       |    39 |       |       |       ||    39
       Reflection        |       |       |     1 |     2 |    25 |    35 ||    63
       Buckler           |       |       |       |   201 |   570 |   452 ||  1223
